 Dungeon Crawl Stone Soup version 0.17-b1-15-g0f5fb43 (webtiles) character file.

4047 Eucla the Cleaver (level 10, -1/136 HPs)
             Began as a Hill Orc Berserker on Nov 7, 2015.
             Was an Elder of Trog.
             Slain by an orc warrior
             ... wielding a +0 dire flail
              (19 damage)
             ... on level 8 of the Dungeon.
             The game lasted 00:10:05 (7980 turns).

Eucla the Cleaver (Hill Orc Berserker)              Turns: 7980, Time: 00:10:05

Health: -1/136     AC: 12    Str: 26    XL:     10   Next: 24%
Magic:  10/10      EV: 12    Int:  7    God:    Trog [****..]
Gold:   501        SH:  0    Dex: 13    Spells: 0 memorised, 9 levels left

rFire  . . .     SeeInvis .     w - +0 battleaxe (flame)
rCold  . . .     Clarity  .     l - +0 chain mail
rNeg   . . .     SustAt   .     (shield currently unavailable)
rPois  .         Gourm    .     (no helmet)
rElec  .         Spirit   .     (no cloak)
rCorr  .         Warding  .     (no gloves)
rMut   .         Stasis   .     D - +0 pair of boots
MR     .....                    (no amulet)
Stlth  ..........               (no ring)
                                A - +1 ring of evasion

@: berserking, very quick, not resistant to hostile enchantments, extremely
unstealthy
A: no striking features
a: Berserk, Trog's Hand, Brothers in Arms, Burn Spellbooks, Renounce Religion


You were on level 8 of the Dungeon.
You worshipped Trog.
Trog was greatly pleased with you.
You were hungry.

You visited 1 branch of the dungeon, and saw 8 of its levels.

You collected 501 gold pieces.

Inventory:

Hand Weapons
 a - a +0 hand axe
 p - a +0 war axe
 w - a +0 battleaxe of flaming (weapon)
Armour
 b - a +0 animal skin
 l - a +0 chain mail (worn)
 D - a +0 pair of boots (worn)
Jewellery
 A - a +1 ring of evasion (left hand)
Wands
 y - a wand of fire (6)
 C - a wand of teleportation (5)
Scrolls
 d - 6 scrolls of identify {unknown}
 g - 2 scrolls of enchant armour {unknown}
 i - 4 scrolls of remove curse {unknown}
 j - 3 scrolls of blinking {unknown}
 k - 2 scrolls of enchant weapon {unknown}
 o - 2 scrolls of teleportation {unknown}
 q - 2 scrolls of random uselessness {unknown}
 v - a scroll of torment {unknown}
 z - a scroll of immolation {unknown}
 G - a scroll of fear {unknown}
Potions
 e - 3 potions of might {unknown}
 f - 4 potions of curing {unknown}
 h - 2 potions of flight {unknown}
 m - 2 potions of cancellation {unknown}
 r - 4 potions of degeneration {unknown}
 s - a potion of haste {unknown}
 t - 2 potions of brilliance {unknown}
 x - a potion of berserk rage {unknown}
 B - a potion of heal wounds {unknown}
 E - a potion of resistance {unknown}
 F - a potion of agility {unknown}
Comestibles
 c - 3 bread rations
 u - a meat ration


   Skills:
 + Level 9.3 Fighting
 + Level 10.3 Axes
 + Level 8.0 Armour
 + Level 6.5 Dodging


You had 9 spell levels left.
You didn't know any spells.

Dungeon Overview and Level Annotations

Branches:
Dungeon (8/15)             Temple (0/1) D:6
   Lair: D:8-11

Altars:
Cheibriados
Dithmenos
Elyvilon
Kikubaaqudgha
Makhleb
Vehumet


Message History

An orc warrior is nearby!
You are too injured to fight recklessly!
You are too injured to fight recklessly!
You are too injured to fight recklessly!
You are too injured to fight recklessly!
Unknown command.
You closely miss the orc warrior.
The orc warrior is severely wounded.
The orc warrior hits you with a dire flail!
* * * LOW HITPOINT WARNING * * *
You hit the orc warrior. You burn the orc warrior.
The orc warrior is almost dead.
The orc warrior hits you with a dire flail.
* * * LOW HITPOINT WARNING * * *
Unknown command.
A red film seems to cover your vision as you go berserk!
You feel yourself moving faster!
You feel mighty!
You are feeling hungry.
The orc warrior hits you with a dire flail!!
You die...

###############
#..o@.........#
#.##########.##
#.# #.# #)# #.#
#.# #####.# ...
#.....# .#.##
#.##### #.#..
#.# # ### #.#


You could see an orc warrior.

Vanquished Creatures
  The ghost of tetracat the Nimble, a novice OpMo of Gozag (D:8)
  A gargoyle (D:8)
  A hippogriff (D:8)
  A hungry ghost (D:7)
  The ghost of tetracat the Insei, an amateur OpMo of Gozag (D:6)
  Duvessa (D:6)
  4 ogres
  A phantom (D:5)
  An ice beast (D:8)
  2 black bears
  2 sky beasts (D:8)
  2 big kobolds
  3 centaurs
  A crocodile (D:8)
  4 giant frogs
  Dowan (D:6)
  A wyvern skeleton (D:8)
  2 scorpions
  5 orc priests
  2 crimson imps
  A jelly (D:8)
  3 orc wizards
  A hound (D:7)
  A giant frog skeleton (D:8)
  2 iguanas
  A gnoll shaman (D:6)
  4 worker ants
  A hound zombie (D:7)
  A hound skeleton (D:8)
  13 gnolls
  10 adders
  An ooze (D:1)
  2 worms
  22 orcs
  8 bats
  5 giant cockroaches
  6 hobgoblins
  9 jackals
  21 kobolds
  5 quokkas
  3 ball pythons
  6 giant geckos
  6 giant newts
  9 goblins
  2 jackal skeletons (D:5)
  A quokka skeleton (D:8)
  5 rats
186 creatures vanquished.

Notes
Turn   | Place    | Note
--------------------------------------------------------------
     0 | D:1      | Eucla the Hill Orc Berserker began the quest for the Orb.
     0 | D:1      | Reached XP level 1. HP: 19/19 MP: 1/1
   552 | D:1      | Reached XP level 2. HP: 21/27 MP: 2/2
  1215 | D:1      | Reached XP level 3. HP: 31/33 MP: 3/3
  1634 | D:2      | Reached XP level 4. HP: 32/40 MP: 4/4
  1769 | D:2      | Reached ** piety under Trog
  2121 | D:2      | Reached skill level 5 in Axes
  2542 | D:3      | Found a radiant altar of Vehumet.
  2576 | D:3      | Reached XP level 5. HP: 37/47 MP: 5/5
  2843 | D:3      | Reached skill level 5 in Fighting
  3433 | D:4      | Found a white marble altar of Elyvilon.
  3434 | D:4      | Found a burning altar of Makhleb.
  3550 | D:4      | Noticed an ogre
  3577 | D:4      | Killed an ogre
  3577 | D:4      | Reached XP level 6. HP: 14/56 MP: 6/6
  4266 | D:5      | Entered Level 5 of the Dungeon
  4585 | D:5      | Reached skill level 6 in Axes
  4659 | D:5      | Reached XP level 7. HP: 50/62 MP: 7/7
  5073 | D:6      | Noticed Dowan
  5074 | D:6      | Noticed Duvessa
  5085 | D:6      | Killed Duvessa
  5085 | D:6      | Reached skill level 5 in Armour
  5085 | D:6      | Killed Dowan
  5085 | D:6      | Reached *** piety under Trog
  5085 | D:6      | Reached skill level 7 in Axes
  5085 | D:6      | Reached XP level 8. HP: 71/71 MP: 8/8
  5132 | D:6      | Found a staircase to the Ecumenical Temple.
  5491 | D:6      | Noticed tetracat's ghost (amateur OpMo)
  5507 | D:6      | Killed tetracat's ghost
  6115 | D:7      | Reached skill level 8 in Axes
  6251 | D:7      | Reached skill level 5 in Dodging
  6251 | D:7      | Reached XP level 9. HP: 35/79 MP: 9/9
  6725 | D:7      | Found a shadowy altar of Dithmenos.
  7087 | D:7      | Reached skill level 9 in Axes
  7223 | D:7      | Found a snail-covered altar of Cheibriados.
  7312 | D:8      | Reached **** piety under Trog
  7439 | D:8      | Noticed a gargoyle
  7449 | D:8      | Killed a gargoyle
  7615 | D:8      | Noticed tetracat's ghost (novice OpMo)
  7626 | D:8      | Killed tetracat's ghost
  7626 | D:8      | Reached skill level 10 in Axes
  7626 | D:8      | Reached XP level 10. HP: 55/91 MP: 10/10
  7873 | D:8      | Found an ancient bone altar of Kikubaaqudgha.
  7980 | D:8      | Slain by an orc warrior

Action                   |  1- 3 |  4- 6 |  7- 9 | 10-12 || total
-------------------------+-------+-------+-------+-------++-------
Melee: Hand axe          |    85 |   149 |       |       ||   234
       War axe           |       |    71 |       |       ||    71
       Battleaxe         |       |    19 |   236 |    50 ||   305
Invok: Berserk           |       |     2 |     6 |     1 ||     9
       Trog's Hand       |       |     1 |       |       ||     1
 Stab: Sleeping          |       |     1 |       |       ||     1
  Eat: Chunk             |     1 |    13 |    11 |     2 ||    27
       Pizza             |       |       |     2 |       ||     2
       Beef jerky        |       |       |     3 |       ||     3
       Royal jelly       |       |       |     1 |       ||     1
